 Dungeon Crawl Stone Soup version 0.14-a0-2080-ge317583 (webtiles) character file.

4791 Piginabag the Spear-Bearer (level 10, 0/74 HPs)
             Began as a Formicid Chaos Knight on Jan 25, 2014.
             Was a Plaything of Xom.
             Slain by a yak (13 damage)
             ... on Level 10 of the Dungeon.
             The game lasted 00:30:48 (12275 turns).

Piginabag the Spear-Bearer (Formicid Chaos Knight) Turns: 12275, Time: 00:30:49

HP   0/74        AC 11     Str 22      XL: 10   Next: 88%
MP  10/10        EV 11     Int 11      God: Xom
Gold 475         SH  0     Dex 19      Spells:  0 memorised,  9 levels left

rFire  . . .     SeeInvis +     v - +1,+2 halberd (curse)
rCold  . . .     Clarity  +     b - +2 leather armour
rNeg   . . .     Conserve .     (no shield)
rPois  x         rCorr    .     (helmet unavailable)
rElec  .         rRot     .     u - +0 cloak {MR+}
SustAb . .       Spirit   .     s - +0 pair of gloves
rMut   .         Warding  .     (no boots)
Saprov . . .     Stasis   +     F - amulet of clarity
MR     +....                    C - +4 ring of dexterity
                                f - ring of see invisible

@: somewhat resistant to hostile enchantments, unstealthy
A: permanent stasis, dig shafts and tunnels, four strong arms, poison weakness,
antennae 3, slimy green scales 1, agile 2, herbivore 1, shaggy fur 1, slow
metabolism 1, strong 1, wild magic 3, exoskeleton 1
a: Dig, Shaft Self, Renounce Religion


You were on level 10 of the Dungeon.
You worshipped Xom.
You were a favourite toy of Xom.
You were not hungry.

You visited 1 branch of the dungeon, and saw 10 of its levels.

You collected 475 gold pieces.

Inventory:

Hand weapons
 a - a +0,-2 spear of chaos
 v - a cursed +1,+2 halberd (weapon)
 E - a cursed -3 blowgun
Missiles
 H - 9 poisoned needles
Armour
 b - a +2 leather armour (worn)
 s - a +0 pair of gloves (worn)
 u - a +0 cloak of magic resistance (worn)
Magical devices
 i - a wand of paralysis (10)
 k - a wand of frost (9)
Comestibles
 c - 5 bread rations
 g - a choko
 n - 2 chunks of yak flesh
 K - 3 meat rations
 N - 6 sultanas
Scrolls
 d - a scroll of curse armour {unknown}
 h - 2 scrolls of fog {unknown}
 l - 4 scrolls of remove curse
 o - 2 scrolls of magic mapping {unknown}
 p - 4 scrolls of identify
 q - a scroll of enchant weapon I {unknown}
 t - a scroll of immolation {unknown}
 x - 2 scrolls of fear {unknown}
 y - 2 scrolls of noise {unknown}
 z - 3 scrolls of recharging {unknown}
 B - 2 scrolls of teleportation {unknown}
 P - a scroll of enchant armour {unknown}
Jewellery
 f - a ring of see invisible (left hand)
 r - an uncursed ring of sustain abilities
 C - a +4 ring of dexterity (right hand)
 F - an amulet of clarity (around neck)
 J - an uncursed amulet of inaccuracy {unknown}
 L - an uncursed amulet of inaccuracy {unknown}
Potions
 e - a potion of curing
 w - 2 potions of speed
 A - 2 potions of brilliance
 D - a potion of porridge
 I - a potion of lignification {unknown}
 M - 2 potions of might {unknown}
Books
 j - a book of Minor Magic

   Spells                             Type                      Level
   Magic Dart                         Conjuration                  1
   Blink                              Translocation                2
   Call Imp                           Summoning                    2
   Repel Missiles                     Charms/Air                   2
   Slow                               Hexes                        2
   Conjure Flame                      Conjuration/Fire             3
   Mephitic Cloud                     Conjuration/Poison/Air       3
 R - a book of Enchantments

   Spells                             Type                      Level
   Cause Fear                         Hexes                        4
   Silence                            Hexes/Air                    5
   Tukima's Dance                     Hexes                        5
   Deflect Missiles                   Charms/Air                   6
   Haste                              Charms                       6
   Discord                            Hexes                        8
 S - a book of Fire

   Spells                             Type                      Level
   Fire Brand                         Charms/Fire                  2
   Ignite Poison                      Fire/Transmutation           5
   Fireball                           Conjuration/Fire             5
   Bolt of Fire                       Conjuration/Fire             6
   Delayed Fireball                   Conjuration/Fire             7
   Ring of Flames                     Charms/Fire                  7
 T - a book of Transfigurations

   Spells                             Type                      Level
   Stoneskin                          Transmutation/Earth          2
   Ice Form                           Ice/Transmutation            4
   Statue Form                        Transmutation/Earth          6
   Dragon Form                        Transmutation                7
Miscellaneous
 m - a lamp of fire


   Skills:
 + Level 9.2 Fighting
 + Level 12.0 Polearms
 - Level 2.4 Armour
 - Level 0.8 Dodging
 - Level 0.5 Evocations


You had 9 spell levels left.
You didn't know any spells.

Dungeon Overview and Level Annotations

Branches:
Dungeon (10/16)            Temple (0/1) D:5            Lair (0/8) D:8
    Orc: D:9-12

Altars:
Elyvilon
Fedhas
Makhleb
Nemelex Xobeh
Sif Muna
Trog
Xom
Yredelemnul
the Shining One

Annotations:
D:7 1 exclusion, Joseph
D:9 Gastronok


Innate Abilities, Weirdness & Mutations

Your are under a permanent stasis effect.
You can dig through walls and to a lower floor.
Your four strong arms can wield any weapon, most with a shield.
You are susceptible to poison.
You have a pair of large antennae on your head (SInv).
Your body is surrounded by an exoskeleton. (AC +1)
You are partially covered in slimy green scales (AC +2).
You are very agile. (Dex +4)
You digest meat inefficiently.
You are covered in fur (AC +1).
You have a slow metabolism.
Your muscles are strong. (Str +2)
Your spells are much harder to cast, but much more powerful.


Message History

The harpy lunges at you hungrily!
One of your 8 bread rations is devoured!
Four of your 11 sultanas are devoured! The harpy claws you.
The harpy claws you. The harpy lunges at you hungrily!
One of your 7 bread rations is devoured!
One of your 3 chokos is devoured! The yak gores you! The yak gores you.
There is a stone staircase leading up, spattered with blood here.
The harpy screeches!
The harpy claws you!
* * * LOW HITPOINT WARNING * * *
The harpy claws you.
* * * LOW HITPOINT WARNING * * *
The harpy lunges at you hungrily!
One of your 6 bread rations is devoured!
One of your 2 chokos is devoured! One of your 7 sultanas is devoured!
The harpy claws you.
* * * LOW HITPOINT WARNING * * *
The harpy claws you but does no damage. The yak gores you!
You die...
Xom is highly amused!

#.# #.##....##
#.#######%##.####
#.........##.#
#.##########)#
#.# #.# #.# #.#
#Y# #># #H# #.#
#@### #.# #}Y.#
#.# ###.# #.# #.#
#.# #.## #..#
##(# #.# C #.#


You could see 2 yaks and a harpy.

Vanquished Creatures
  Prince Ribbit (D:9)
  A formicid (D:9)
  A merfolk (D:7)
  A hungry ghost (D:7)
  A hippogriff (D:9)
  2 yaks
  2 sky beasts
  A deep dwarf (D:7)
  A black bear (D:8)
  A yellow wasp (shapeshifter) (D:5)
  A phantom (D:10)
  3 ogres
  2 giant frogs
  A water moccasin (D:8)
  Blork the orc (D:7)
  3 killer bees
  A giant goldfish zombie (D:3)
  5 wights
  A troll skeleton (D:9)
  4 crimson imps
  7 hounds
  3 jellies
  Crazy Yiuf (D:7)
  4 orc wizards
  8 orc priests
  3 big fish (D:7)
  A water moccasin skeleton (D:4)
  4 worker ants
  A goliath beetle (D:8)
  A gnoll shaman (D:6)
  11 adders
  2 green rats (D:7)
  3 giant mites
  3 gnolls (D:6)
  2 worms
  A goliath beetle zombie (D:5)
  3 giant eyeballs
  A giant gecko (shapeshifter) (D:3)
  A giant gecko (D:3)
  An ooze (D:3)
  39 orcs
  2 ball pythons
  9 bats
  12 hobgoblins
  15 jackals
  9 kobolds
  5 quokkas
  3 giant cockroaches
  A giant gecko skeleton (D:7)
  A giant gecko zombie (D:7)
  6 giant newts
  7 goblins
  A hobgoblin skeleton (D:4)
  A hobgoblin zombie (D:5)
  3 orc skeletons
  An orc zombie (D:6)
  13 rats
223 creatures vanquished.

Vanquished Creatures (collateral kills)
  A hill giant (D:8)
  An ugly thing (D:8)
  An ogre (D:4)
  3 wights (D:6)
  A crimson imp (D:5)
  An orc priest (D:5)
  An orc wizard (D:10)
  A big fish zombie (D:3)
  2 orcs
  A jackal (D:6)
13 creatures vanquished.

Vanquished Creatures (others)
  A wight (D:9)
  A lemure (D:10)
  A shadow imp (D:10)
  A white imp (D:5)
  A hobgoblin (D:4)
  A kobold (D:2)
  A giant spore (D:7)
7 creatures vanquished.

Grand Total: 243 creatures vanquished

Notes
Turn   | Place    | Note
--------------------------------------------------------------
     0 | D:1      | Piginabag, the Formicid Chaos Knight, began the quest for the Orb.
     0 | D:1      | Reached XP level 1. HP: 16/16 MP: 1/1
   146 | D:1      | XOM: harmless Summ miscast
   184 | D:1      | Reached XP level 2. HP: 13/21 MP: 2/2
   407 | D:1      | XOM: give mutations
   407 | D:1      | Gained mutation: Armour fits poorly on your strangely shaped body. [Xom's mischief]
   407 | D:1      | Gained mutation: Your spells are a little harder to cast, but a little more powerful. [Xom's mischief]
   548 | D:1      | XOM: torment (11/21 hp)
   658 | D:1      | XOM: god gift: hardcover book {god gift}
   754 | D:2      | Reached XP level 3. HP: 12/26 MP: 3/3
  1257 | D:2      | Found a white marble altar of Elyvilon.
  1546 | D:2      | XOM: enchant monster (good)
  1549 | D:2      | Reached XP level 4. HP: 31/33 MP: 4/4
  1818 | D:3      | Reached skill level 4 in Polearms
  1869 | D:3      | Gained mutation: You are frail (-10% HP). [mutagenic meat]
  1870 | D:3      | Lost mutation: Armour fits poorly on your strangely shaped body. [mutagenic meat]
  1871 | D:3      | Gained mutation: You are dopey. (Int -2) [mutagenic meat]
  1872 | D:3      | Gained mutation: Your spells are harder to cast, but more powerful. [mutagenic meat]
  2175 | D:3      | Reached XP level 5. HP: 25/33 MP: 5/5
  2691 | D:3      | Found a basalt altar of Yredelemnul.
  2704 | D:3      | XOM: cast spell 'Summon Ugly Thing'
  2720 | D:3      | XOM: harmless Summ miscast
  2912 | D:4      | XOM: silly message
  2932 | D:4      | XOM: confusion
  3087 | D:4      | XOM: god gift: chain mail {god gift}
  3204 | D:4      | Noticed an ogre
  3231 | D:4      | Killed an ogre
  3231 | D:4      | Reached skill level 5 in Polearms
  3231 | D:4      | Reached XP level 6. HP: 11/39 MP: 6/6
  3851 | D:4      | Reached XP level 7. HP: 26/44 MP: 7/7
  4300 | D:4      | Reached skill level 5 in Fighting
  4427 | D:4      | XOM: give mutations
  4427 | D:4      | Gained mutation: You are very dopey. (Int -4) [Xom's mischief]
  4427 | D:4      | Gained mutation: You are agile. (Dex +2) [Xom's mischief]
  4427 | D:4      | Lost mutation: You are very dopey. (Int -4) [Xom's mischief]
  4427 | D:4      | Gained mutation: You are covered in fur (AC +1). [Xom's mischief]
  4743 | D:4      | XOM: give mutations
  4743 | D:4      | Gained mutation: You occasionally shout uncontrollably. [Xom's mischief]
  4743 | D:4      | Lost mutation: You are agile. (Dex +2) [Xom's mischief]
  4743 | D:4      | Gained mutation: You are weak. (Str -2) [Xom's mischief]
  4864 | D:5      | Entered Level 5 of the Dungeon
  4879 | D:5      | Reached skill level 6 in Polearms
  4958 | D:5      | XOM: god gift: scale mail {god gift}
  5248 | D:5      | XOM: summons friendly white imp
  5303 | D:5      | XOM: polymorph orc -> rat
  5464 | D:5      | Noticed an orb spider
  5464 | D:5      | an ice beast changed into an orb spider
  5481 | D:5      | an orb spider changed into a yellow wasp
  5485 | D:5      | XOM: harmless Conj miscast
  5486 | D:5      | XOM: potion effect (invisibility)
  5487 | D:5      | XOM: enchant monster (good)
  5488 | D:5      | XOM: cast spell 'Ice Form'
  5502 | D:5      | Reached XP level 8. HP: 51/51 MP: 8/8
  5509 | D:5      | Lost mutation: You occasionally shout uncontrollably. [mutagenic meat]
  5510 | D:5      | Gained mutation: You are agile. (Dex +2) [mutagenic meat]
  5511 | D:5      | Lost mutation: You are weak. (Str -2) [mutagenic meat]
  5512 | D:5      | Lost mutation: You are frail (-10% HP). [mutagenic meat]
  5665 | D:5      | Found a staircase to the Ecumenical Temple.
  5721 | D:5      | Reached skill level 7 in Polearms
  5871 | D:5      | XOM: give mutations
  5871 | D:5      | Gained mutation: You are very agile. (Dex +4) [Xom's grace]
  5871 | D:5      | Lost mutation: You are dopey. (Int -2) [Xom's grace]
  6065 | D:6      | XOM: silly message
  6187 | D:6      | XOM: cast spell 'Flight'
  6348 | D:6      | XOM: vitrification
  6365 | D:6      | Found a shimmering altar of Xom.
  6391 | D:6      | XOM: give mutations
  6391 | D:6      | Gained mutation: You are partially covered in iridescent scales (AC +4). [Xom's grace]
  6391 | D:6      | Gained mutation: You have a slow metabolism. [Xom's grace]
  6748 | D:6      | Found a blossoming altar of Fedhas.
  6887 | D:6      | Found a deep blue altar of Sif Muna.
  6890 | D:6      | XOM: scenery: create altars
  6907 | D:6      | Reached skill level 8 in Polearms
  7134 | D:6      | XOM: god gift: 18 gold pieces
  7158 | D:6      | XOM: vitrification
  7275 | D:7      | Noticed a wyvern
  7275 | D:7      | an ice beast changed into a wyvern
  7275 | D:7      | XOM: polymorph ice beast -> wyvern
  7280 | D:7      | a wyvern changed into a deep dwarf
  7280 | D:7      | XOM: polymorph wyvern -> deep dwarf
  7283 | D:7      | XOM: silly message
  7291 | D:7      | XOM: medium Pois miscast
  7405 | D:7      | XOM: summons 4 hostile shadow creatures
  7428 | D:7      | XOM: swap monsters
  7432 | D:7      | Reached XP level 9. HP: 59/63 MP: 9/9
  7490 | D:7      | Noticed Crazy Yiuf
  7894 | D:7      | Noticed Joseph
  7931 | D:7      | XOM: confuse monster(s)
  7939 | D:7      | Reached skill level 9 in Polearms
  8208 | D:8      | XOM: divination: detect items
  8466 | D:8      | Found a staircase to the Lair.
  8481 | D:8      | XOM: harmless Trmt miscast
  8540 | D:8      | HP: 3/64 [poisoned by a water moccasin]
  8546 | D:8      | HP: 1/64 [poisoned by a water moccasin]
  8624 | D:8      | Gained mutation: You are partially covered in slimy green scales (AC +2). [potion of mutation]
  8624 | D:8      | Lost mutation: You are partially covered in iridescent scales (AC +4). [potion of mutation]
  8625 | D:8      | Gained mutation: Your muscles are strong. (Str +2) [potion of mutation]
  8625 | D:8      | Gained mutation: You digest meat inefficiently. [potion of mutation]
  8900 | D:8      | XOM: scenery: 2 doors close
  9044 | D:8      | Found a glowing golden altar of the Shining One.
  9044 | D:8      | Found a burning altar of Makhleb.
  9045 | D:8      | Noticed a hill giant
  9049 | D:8      | XOM: cast spell 'Summon Ugly Thing'
  9061 | D:8      | Killed a hill giant
  9061 | D:8      | Reached skill level 10 in Polearms
  9071 | D:8      | Noticed a blink frog
  9136 | D:7      | Found a sparkling altar of Nemelex Xobeh.
  9145 | D:7      | Gained mutation: Your spells are much harder to cast, but much more powerful. [potion of beneficial mutation]
  9167 | D:7      | You fall through a shaft for 3 floors!
  9167 | D:10     | Entered Level 10 of the Dungeon
  9191 | D:10     | XOM: polymorph jelly -> adder
  9204 | D:10     | XOM: divination: detect creatures
  9206 | D:10     | XOM: summons 2 friendly demons
  9280 | D:10     | XOM: cast spell 'Dispersal'
  9430 | D:9      | Found a burning altar of Makhleb.
  9603 | D:9      | Reached XP level 10. HP: 41/72 MP: 10/10
  9725 | D:9      | XOM: vitrification
  9778 | D:9      | XOM: vitrification
  9966 | D:9      | XOM: scenery: 1 doors close
  9979 | D:9      | XOM: vitrification
 10467 | D:8      | XOM: scenery: create altars
 10493 | D:8      | XOM: harmless Fire miscast
 10657 | D:8      | Reached skill level 11 in Polearms
 10666 | D:8      | XOM: colour smoke trail
 10887 | D:7      | Noticed Blork the orc
 10916 | D:7      | Killed Blork the orc
 11112 | D:7      | XOM: medium Tloc miscast
 11216 | D:9      | Noticed Gastronok
 11235 | D:7      | XOM: cast spell 'Dragon Form'
 11281 | D:7      | Killed Crazy Yiuf
 11308 | D:7      | XOM: harmless Necr miscast
 11312 | D:7      | XOM: enchant monster (good)
 11407 | D:7      | XOM: potion effect (curing)
 11420 | D:7      | XOM: divination: detect creatures
 11486 | D:8      | XOM: inner flame monster(s)
 11489 | D:8      | XOM: confuse monster(s)
 11633 | D:9      | Noticed Prince Ribbit
 11644 | D:9      | Killed Prince Ribbit
 11719 | D:9      | Found a bloodstained altar of Trog.
 11797 | D:10     | XOM: potion effect (might)
 11804 | D:10     | XOM: summons 2 friendly demons
 12076 | D:10     | Reached skill level 12 in Polearms
 12091 | D:10     | Noticed a harpy
 12091 | D:10     | a yak changed into a harpy
 12091 | D:10     | XOM: polymorph yak -> harpy
 12252 | D:9      | XOM: noise
 12275 | D:10     | Slain by a yak

Action                   |  1- 3 |  4- 6 |  7- 9 | 10-12 || total
-------------------------+-------+-------+-------+-------++-------
Melee: Spear             |   106 |   221 |   706 |   243 ||  1276
       Unarmed           |       |       |    13 |     1 ||    14
       Halberd           |       |       |       |    50 ||    50
 Abil: Dig               |     1 |     1 |     9 |     2 ||    13
       Shaft Self        |       |       |     1 |       ||     1
Evoke: Wand              |       |       |       |     2 ||     2
  Use: Scroll            |       |     1 |     5 |     4 ||    10
       Potion            |       |     2 |    11 |       ||    13
 Stab: Paralysed         |     2 |     4 |    34 |    19 ||    59
       Confused          |       |     2 |     7 |     9 ||    18
       Petrified         |       |       |     5 |     3 ||     8
       Petrifying        |       |       |     5 |     3 ||     8
       Distracted        |       |       |     2 |     1 ||     3
       Sleeping          |       |       |     1 |     1 ||     2
